[Event "17th Izmir Open 2018"]
[Site "Izmir"]
[Date "2018.09.13"]
[Round "9.3"]
[White "Guncan, Berke"]
[Black "Arat, Ufuk Sezen"]
[Result "1/2-1/2"]
[ECO "B08"]
[WhiteElo "1946"]
[BlackElo "2385"]
[Annotator "NA"]
[PlyCount "125"]
[EventDate "2018.09.09"]
[EventType "swiss"]
[EventCountry "TUR"]
[SourceTitle "playchess.com"]
[Source "ChessBase"]
[SourceQuality "1"]
[TimeControl "5400+30"]

1. e4 g6 2. d4 d6 3. Nc3 Bg7 4. Be3 a6 {[%emt 0:00:30] LiveBook: 3240 Partien} 5. a4 Nc6 6. Nf3 Nf6 7. h3 O-O 8. Be2 Nd7 {[%emt 0:03:30] B08: Pirc Defence: Classical System} (8... e6 9. O-O b6 10. d5 exd5 11. exd5 Ne7 12. Bc4 Bb7 13. Qd2 Nf5 14. Bf4 Qd7 15. Rfe1 Rfe8 16. Rxe8+ Rxe8 17. Re1 Rxe1+ 18. Qxe1 {½-½ (63) Caruana,F (2799)-Grischuk,A (2782) Saint Louis 2017}) 9. O-O e5 10. Qd2 exd4 11. Nxd4 Nxd4 12. Bxd4 Bxd4 $146 ({Predecessor:} 12... Nf6 13. Rad1 Be6 14. f4 Qd7 15. f5 gxf5 16. exf5 Bxf5 17. Qf4 Bxc2 18. Bxf6 Bxd1 {1-0 (18) Fiori,A (2159)-Gerez,A Mar del Plata 2012}) 13. Qxd4 Qf6 14. Rad1 Qxd4 15. Rxd4 Nf6 16. f4 Be6 17. Rfd1 Ne8 18. a5 Rb8 19. Rb4 Nf6 20. Bf3 b5 21. axb6 c5 22. Ra4 Rxb6 23. b3 Re8 24. Rda1 Bc8 25. Be2 Bb7 26. Bxa6 Bc6 27. Ra5 Nxe4 28. Nxe4 Rxe4 29. Rd1 Re8 30. Bc4 Ra8 31. Rxa8+ Bxa8 32. Bd5 Bxd5 33. Rxd5 Kf8 34. Kf2 Ke7 35. Rd1 Ra6 36. Ke3 h5 37. g4 hxg4 38. hxg4 Ra8 39. Ke4 Ke6 40. f5+ gxf5+ 41. gxf5+ Kd7 42. Kf4 Ra2 43. Rd2 f6 44. Kg4 Ra1 45. Rg2 Rf1 46. c4 Kc6 47. Re2 Rg1+ 48. Kf4 Rf1+ 49. Kg4 Rg1+ 50. Kf4 Rb1 51. Re3 Rf1+ 52. Kg4 Rg1+ 53. Kf4 Rb1 54. Kg4 Kd7 55. Kf4 Rf1+ 56. Kg4 Rb1 57. Kf4 Kc6 58. Kg4 Rg1+ 59. Kf4 Rf1+ 60. Kg4 $11 Rb1 61. Kf4 Rf1+ 62. Kg4 Rg1+ 63. Kf4 1/2-1/2

[Event "17th Izmir Open 2018"]
[Site "Izmir"]
[Date "2018.09.13"]
[Round "9.4"]
[White "Camlar, Arda"]
[Black "Guseynov, Alihan"]
[Result "0-1"]
[ECO "B25"]
[WhiteElo "1675"]
[BlackElo "2297"]
[Annotator "NA"]
[PlyCount "64"]
[EventDate "2018.09.09"]
[EventType "swiss"]
[EventCountry "TUR"]
[SourceTitle "playchess.com"]
[Source "ChessBase"]
[SourceQuality "1"]
[TimeControl "5400+30"]

1. e4 c5 2. Nc3 Nc6 3. g3 g6 4. Bg2 Bg7 5. d3 d6 6. f4 Rb8 7. Nf3 b5 8. O-O e6 9. h3 {[%emt 0:05:30] B25: Closed Sicilian: 3 g3, lines without early Be3} Nge7 10. Qe2 (10. Ne2 O-O 11. g4 f5 12. Ng3 Bb7 13. Re1 {½-½ (41) Ibragimov,I (2611)-Christiansen,L (2524) Philadelphia 2005}) 10... O-O 11. Be3 $146 ({Predecessor:} 11. g4 f5 12. gxf5 gxf5 13. Kh2 Nd4 14. Qf2 Ng6 15. exf5 exf5 16. Ng5 Bb7 17. Nd5 Qd7 {½-½ (43) Tranitz,C (1589)-Blodig,C (1802) Regensburg 2004}) 11... b4 12. Nd1 a5 13. Rb1 a4 14. Bf2 Nd4 15. Qd2 f5 16. Ne3 fxe4 17. dxe4 e5 18. Nxd4 cxd4 19. Nd5 Nxd5 20. exd5 exf4 21. Bxd4 Bxd4+ 22. Qxd4 $17 fxg3 23. Rxf8+ Qxf8 24. Rf1 Qe7 25. Qf4 Bf5 26. Qxg3 Bxc2 27. Re1 Qf6 28. Rf1 Bf5 29. Kh2 b3 30. axb3 Rxb3 31. Qf4 Rxb2 32. Qxa4 Rxg2+ 0-1

[Event "17th Izmir Open 2018"]
[Site "Izmir"]
[Date "2018.09.13"]
[Round "9.6"]
[White "Dere, Abdullah Dogukan"]
[Black "Isik, Alparslan"]
[Result "0-1"]
[ECO "B96"]
[WhiteElo "1938"]
[BlackElo "2210"]
[Annotator "NA"]
[PlyCount "58"]
[EventDate "2018.09.09"]
[EventType "swiss"]
[EventCountry "TUR"]
[SourceTitle "playchess.com"]
[Source "ChessBase"]
[SourceQuality "1"]
[TimeControl "5400+30"]

1. e4 c5 2. Nf3 d6 3. d4 cxd4 4. Nxd4 Nf6 5. Nc3 a6 6. Bg5 e6 7. f4 Qc7 8. Qe2 Be7 9. O-O-O h6 10. Bxf6 Bxf6 11. g3 Nc6 12. Nxc6 bxc6 13. Qc4 O-O 14. Bg2 a5 15. e5 {[%emt 0:13:30] [#]} dxe5 (15... d5 $1 $17 16. Qd3 Be7) 16. Nb5 Qb6 17. Bxc6 Rb8 18. a4 $19 Ba6 19. Bd7 Bb7 20. Rhe1 Bd5 21. Rxd5 exd5 22. Qxd5 exf4 23. Bf5 Qf2 24. Qe4 fxg3 25. hxg3 Qxg3 26. Kb1 g6 27. Bd7 Rfd8 28. Bc6 Kg7 29. Rf1 Qe5 0-1

[Event "17th Izmir Open 2018"]
[Site "Izmir"]
[Date "2018.09.13"]
[Round "9.7"]
[White "Bicer, Atakan Mert"]
[Black "Isilak, Enes"]
[Result "1-0"]
[ECO "D93"]
[WhiteElo "1843"]
[BlackElo "1830"]
[Annotator "NA"]
[PlyCount "73"]
[EventDate "2018.09.09"]
[EventType "swiss"]
[EventCountry "TUR"]
[SourceTitle "playchess.com"]
[Source "ChessBase"]
[SourceQuality "1"]
[TimeControl "5400+30"]

1. d4 Nf6 2. c4 g6 3. Nc3 d5 4. Bf4 Bg7 5. e3 c6 6. Nf3 O-O 7. Be2 Be6 8. c5 b6 9. cxb6 axb6 10. O-O Nh5 11. Bg5 h6 12. Bh4 g5 13. Nd2 Nf6 14. Bg3 Bf5 15. b4 Nbd7 16. Qb3 c5 17. Nb5 c4 18. Qb2 Nb8 19. f3 Nc6 20. Bf2 Bg6 21. Rfe1 Re8 22. e4 e5 23. exd5 Nxd5 24. Bxc4 Ndxb4 25. Rac1 Qd7 26. d5 e4 27. dxc6 Bxb2 28. cxd7 Re7 29. Rb1 e3 30. Rxb2 exf2+ 31. Kxf2 Rxd7 32. Rxb4 Rxd2+ 33. Re2 Rd1 34. Bb3 Ra1 35. Nc7 Rd8 36. Nd5 Kg7 37. Rxb6 1-0

[Event "17th Izmir Open 2018"]
[Site "Izmir"]
[Date "2018.09.13"]
[Round "9.8"]
[White "Taspinar, Yanki"]
[Black "Tutuncu, Ali"]
[Result "1-0"]
[ECO "B06"]
[WhiteElo "1961"]
[BlackElo "1644"]
[Annotator "NA"]
[PlyCount "93"]
[EventDate "2018.09.09"]
[EventType "swiss"]
[EventCountry "TUR"]
[SourceTitle "playchess.com"]
[Source "ChessBase"]
[SourceQuality "1"]
[TimeControl "5400+30"]

1. e4 g6 2. d4 Bg7 3. Nc3 d6 4. f4 a6 5. Nf3 b5 6. Bd3 Nd7 7. e5 Nb6 {[%emt 0:00:30] B06: Modern Defence} (7... c5 8. Be4 Rb8 9. Be3 b4 10. Ne2 Nh6 11. dxc5 Nxc5 12. Bxc5 dxc5 13. Bc6+ Bd7 14. Qd5 Rc8 15. Bxd7+ Qxd7 16. Qxd7+ Kxd7 {1-0 (41) Yu,Y (2760)-Adhiban,B (2655) chess.com INT 2018}) 8. O-O Nh6 9. h3 $146 ({Predecessor:} 9. Ne4 O-O 10. c3 Be6 11. b3 Rc8 12. Ba3 f6 13. Qd2 Kh8 14. Rae1 Qd7 15. Qe2 {1-0 (40) Berescu,A (2468)-Bukal,V (2390) Rijeka 2010}) 9... dxe5 10. dxe5 Bf5 11. Be3 Bxd3 12. cxd3 Nd5 13. Nxd5 Qxd5 14. Qc2 Nf5 15. Bf2 O-O 16. Rfd1 Bh6 17. Qd2 c5 18. Nh2 Nd4 19. Be3 Rfd8 20. Ng4 Bg7 21. Qf2 Rac8 22. b3 h5 23. Nh2 $1 Nf5 24. Nf3 f6 25. Rac1 fxe5 26. fxe5 Bxe5 27. Nxe5 Qxe5 28. Bxc5 Rf8 29. d4 $14 (29. Re1 $5 Qf6 30. d4 $14) 29... Qd5 30. Re1 Rcd8 31. Rcd1 Rc8 32. Qf4 Rc6 33. Re5 Qf7 34. Rde1 Rf6 35. Qg5 Re8 36. d5 e6 37. d6 Kg7 38. b4 Rd8 39. Rd1 Rd7 40. a3 Qf8 41. Re2 h4 42. Re4 Ng3 43. Rxh4 Rf5 44. Qxg3 g5 45. Bd4+ Kg6 46. Rh8 Qf7 47. Qg4 1-0

[Event "17th Izmir Open 2018"]
[Site "Izmir"]
[Date "2018.09.13"]
[Round "9.9"]
[White "Akbas, Umut Ata"]
[Black "Cilek, Bora"]
[Result "1-0"]
[ECO "B22"]
[WhiteElo "1617"]
[BlackElo "1955"]
[Annotator "NA"]
[PlyCount "41"]
[EventDate "2018.09.09"]
[EventType "swiss"]
[EventCountry "TUR"]
[SourceTitle "playchess.com"]
[Source "ChessBase"]
[SourceQuality "1"]
[TimeControl "5400+30"]

1. e4 c5 2. d4 cxd4 3. c3 d5 4. exd5 Qxd5 5. cxd4 Nc6 6. Nf3 Nf6 7. Nc3 Qd6 8. d5 Nb4 9. Bc4 Bg4 10. O-O Rc8 11. Bb5+ Nd7 12. Re1 Bxf3 13. Qxf3 Nc2 14. Bf4 Nxe1 15. Rxe1 Qb6 16. Qh3 Rd8 17. Ne4 e5 18. dxe6 Be7 19. Bxd7+ Kf8 20. Qf5 f6 21. Nxf6 1-0

[Event "17th Izmir Open 2018"]
[Site "Izmir"]
[Date "2018.09.13"]
[Round "9.10"]
[White "Yesillik, Tugay"]
[Black "Degirmenci, Yagiz"]
[Result "0-1"]
[ECO "E91"]
[WhiteElo "1486"]
[BlackElo "1852"]
[Annotator "NA"]
[PlyCount "64"]
[EventDate "2018.09.09"]
[EventType "swiss"]
[EventCountry "TUR"]
[SourceTitle "playchess.com"]
[Source "ChessBase"]
[SourceQuality "1"]
[TimeControl "5400+30"]

1. e4 g6 2. d4 Bg7 3. Nf3 d6 4. Be3 c6 5. c4 Nd7 6. Nc3 Qc7 7. Be2 Ngf6 8. h3 O-O 9. O-O e5 10. d5 c5 11. a4 Ne8 12. a5 f5 13. Qc2 f4 14. Bd2 Ndf6 15. b4 cxb4 16. Nb5 Qe7 17. Bxb4 Nxe4 18. Rab1 Nc5 19. Bxc5 dxc5 20. Nd2 Bf5 21. Bd3 b6 22. axb6 axb6 23. Nc3 Rb8 24. Nde4 f3 25. g3 Bxh3 26. Rfd1 Qd7 27. Nxc5 Qg4 28. N5e4 Qh5 29. Nc5 bxc5 30. Rxb8 Bg2 31. Bf5 Rxf5 32. g4 Bh3 0-1

[Event "17th Izmir Open 2018"]
[Site "Izmir"]
[Date "2018.09.13"]
[Round "9.10"]
[White "Yesillik, Tugay"]
[Black "Degirmenci, Yagiz"]
[Result "1-0"]
[ECO "E91"]
[WhiteElo "1486"]
[BlackElo "1852"]
[Annotator "NA"]
[PlyCount "60"]
[EventDate "2018.09.09"]
[EventType "swiss"]
[EventCountry "TUR"]
[SourceTitle "playchess.com"]
[Source "ChessBase"]
[SourceQuality "1"]
[TimeControl "5400+30"]

1. e4 g6 2. d4 Bg7 3. Nf3 d6 4. Be3 c6 5. c4 Nd7 6. Nc3 Qc7 7. Be2 Ngf6 8. h3 O-O 9. O-O e5 10. d5 c5 11. a4 Ne8 12. a5 f5 13. Qc2 f4 14. Bd2 Ndf6 15. b4 cxb4 16. Nb5 Qe7 17. Bxb4 Nxe4 18. Rab1 Nc5 19. Bxc5 dxc5 20. Nd2 Bf5 21. Bd3 b6 22. axb6 axb6 23. Nc3 Rb8 24. Nde4 f3 25. g3 Bxh3 26. Rfd1 Qd7 27. Nxc5 bxc5 28. Rxb8 Bg2 29. Bf5 Rxf5 30. g4 Qe7 1-0